 Dungeon Crawl Stone Soup version 0.25-a0-663-gace7076f2c (webtiles) character file.

Game seed: 2325847791540133216, levelgen mode: deterministic

6988 WasteTime2 the Carver (level 10, -2/67 HPs)
             Began as a Demonspawn Gladiator on Mar 24, 2020.
             Was a Believer of Makhleb.
             Blown up by a kobold (32 damage)
             ... with a disintegration bolt
             ... on level 9 of the Dungeon.
             The game lasted 00:33:19 (8325 turns).

WasteTime2 the Carver (Demonspawn Gladiator)        Turns: 8325, Time: 00:33:19

Health: -2/67      AC:  5    Str: 18    XL:     10   Next: 81%
Magic:  0/19       EV: 13    Int:  9    God:    Makhleb [**....]
Gold:   4552       SH:  5    Dex: 15    Spells: 9/9 levels left

rFire    + . .     SeeInvis .   o - +8 demon blade "Leech" {vamp, *Rage +Rage rN+}
rCold    + + .     Gourm    .   K - +0 buckler
rNeg     + . .     Faith    .   b - +0 leather armour
rPois    .         Spirit   +   (helmet restricted)
rElec    .         Reflect  .   w - scarf {rC+ rF+}
rCorr    .         Harm     .   V - +0 pair of gloves
MR       .....     Rnd*Rage +   (no boots)
Stlth    +.........             (no amulet)
HPRegen  0.21/turn              R - ring of magical power
MPRegen  0.16/turn              t - +1 ring of protection

@: lethally poisoned (-2 -> -3), berserk cooldown, slowed, very slow
A: horns 1, cold resistance 1, magic shield
a: Minor Destruction, Renounce Religion, Evoke Berserk Rage


You were on level 9 of the Dungeon.
You worshipped Makhleb.
Makhleb was pleased with you.
You were not hungry.

You visited 2 branches of the dungeon, and saw 10 of its levels.
You also visited: Sewer.

You collected 4690 gold pieces.
You spent 138 gold pieces at shops.

Inventory:

Hand Weapons
 k - a +2 vampiric short sword
 o - the +8 demon blade "Leech" (weapon) {vamp, *Rage +Rage rN+}
   (You found it on level 4 of the Dungeon)

   It inflicts no extra harm, but heals its wielder when it wounds a living foe.
   It protects you from negative energy.
   It lets you go berserk.
   It may make you go berserk in combat.
 H - the +7 war axe "Atseex" {vorpal, SInv}
   (You found it in a sewer)

   It inflicts extra damage upon your enemies.
   It lets you see invisible.
 O - a +3 scimitar of flaming
Missiles
 n - 16 boomerangs
 z - 4 throwing nets (quivered)
Armour
 b - a +0 leather armour (worn)
 g - a +0 tower shield
 i - a cursed +0 plate armour
 m - a +0 ring mail
 u - a +0 chain mail
 w - a scarf of resistance (worn)
 A - a +0 chain mail
 K - a +0 buckler (worn)
 M - the +0 plate armour "Madwit" {rCorr Int+4}
   (You found it on level 6 of the Dungeon)

   It affects your intelligence (+4).
   It provides partial protection from all sources of acid and corrosion.
 N - a +0 pair of gloves
 T - the +0 robe of Tomorrow {Str+5 Int-4}
   (You found it on level 7 of the Dungeon)

   It affects your strength (+5).
   It affects your intelligence (-4).
 V - a +0 pair of gloves (worn)
Magical Staves
 c - an uncursed staff of poison
Jewellery
 d - an uncursed ring of resist corrosion
 e - an uncursed ring of positive energy
 r - an uncursed ring of protection from cold
 t - a +1 ring of protection (right hand)
 Q - an uncursed ring of see invisible
 R - a ring of magical power (left hand)
Wands
 j - a wand of flame (7)
 y - a wand of polymorph (10)
 S - a wand of iceblast (11)
Scrolls
 a - a scroll of teleportation
 q - 3 scrolls of remove curse
 s - a scroll of amnesia
 B - 2 scrolls of fear
 I - a scroll of fog
 J - a scroll of enchant armour
 L - 2 scrolls of magic mapping
 U - a scroll of enchant weapon
Potions
 h - a potion of mutation
 l - 2 potions of stabbing
 p - 2 potions of resistance
 v - 2 potions of brilliance
 x - a potion of haste
 C - a potion of ambrosia
 D - 4 potions of flight
 E - 5 potions of heal wounds
 F - 3 potions of lignification
 G - 2 potions of curing
 W - a potion of berserk rage
Comestibles
 f - 17 rations


   Skills:
 - Level 2.0 Fighting
 - Level 5.6(10.2) Short Blades
 + Level 13.0(13.4) Long Blades
 - Level 1.7 Throwing
 - Level 2.6 Dodging
 - Level 5.0 Shields


You had 9 spell levels left.
You didn't know any spells.
Your spell library contained the following spells:

 Spells                   Type           Power        Failure   Level  Hunger
 Animate Skeleton         Necr           N/A          43%         1    ##.....
 Pain                     Necr           #...         43%         1    ##.....
 Vampiric Draining        Necr           #.........   82%         3    ####...
 Animate Dead             Necr           N/A          99%         4    #####..
 Agony                    Necr           #.......     100%        5    ######.


Dungeon Overview and Level Annotations

Branches:
Dungeon (9/15)             Temple (1/1) D:5           Sewer (visited)
   Lair: D:8-11         Orc: D:9-12

Altars:
Ashenzari
Cheibriados
Dithmenos
Elyvilon
Gozag
Hepliaklqana
Kikubaaqudgha
Makhleb
Nemelex Xobeh
Okawaru
Qazlal
Ru
Sif Muna
Trog
Uskayaw
Vehumet
Wu Jian
Xom
Yredelemnul
Zin
The Shining One

Shops:
D:4 (   D:5 ?

Annotations:
D:3 2 runed translucent doors, Lauz's ghost, amateur MfTm


Innate Abilities, Weirdness & Mutations

You have a pair of small horns on your head.
Your flesh is cold resistant. (rC+)
When hurt, damage is shared between your health and your magic reserves.


Message History

The killer bee zombie is almost destroyed.
The orc wizard closely misses you.
You riposte.
You slash the orc wizard!
You feel better.
You kill the orc wizard!
Makhleb accepts your kill.
You feel better. The kobold hits you.
The killer bee zombie hits you but does no damage.
You block the orc wizard's attack.
You closely miss the orc wizard.
The orc wizard is almost dead.
The killer bee zombie barely misses you.
You riposte.
You slice the killer bee zombie!!
You destroy the killer bee zombie!
Makhleb accepts your kill.
You feel better. The orc wizard closely misses you. The kobold hits you. x2
You hit the orc wizard.
You feel better.
The orc wizard is almost dead.
You feel sick. You block the orc wizard's attack.
The kobold zaps a wand.
You are blasted!
You die...

##
...##########
#.........[# #
#......<#
#.##?......#
#...o......#
....#K@).....#
.. #)K).....#
..........#
...#.########
.......
...#...
...#.#. ..
#...


You could see an orc wizard and 2 kobolds.

Vanquished Creatures
  Erica (D:9)
  Grinder (Sewer)
  A hippogriff (D:7)
  Sigmund (D:6)
  A wraith (D:6)
  A hungry ghost (D:8)
  Menkaure (D:6)
  2 wargs (D:9)
  4 orc warriors
  2 ice beasts (D:8)
  2 sky beasts
  2 phantoms
  2 necrophages (D:7)
  3 centaurs
  4 ogres
  3 big kobolds
  Blork the orc (D:6)
  4 bullfrogs
  9 scorpions
  6 killer bees (D:8)
  5 wights (D:7)
  4 howler monkeys
  5 crimson imps
  2 centaur zombies
  4 hounds
  3 jellies
  4 bullfrog skeletons
  4 orc priests
  A centaur skeleton (D:5)
  12 orc wizards
  4 iguanas
  8 worker ants
  A killer bee zombie (D:9)
  2 big kobold zombies (Sewer)
  4 hound skeletons
  A worker ant zombie (D:6)
  3 gnolls (D:5)
  19 adders
  2 river rats (D:3)
  2 hound simulacra (D:8)
  7 shadow imps
  A white imp (D:8)
  4 ufetubi
  2 adder skeletons
  An adder zombie (D:5)
  4 worms
  4 dart slugs
  5 leopard geckos
  36 orcs
  20 bats
  8 giant cockroaches
  7 goblins
  11 hobgoblins
  13 jackals
  25 kobolds
  4 quokkas
  8 ball pythons
  6 frilled lizards
  A kobold zombie (Sewer)
  A leopard gecko skeleton (D:7)
  A quokka zombie (D:5)
  12 rats
322 creatures vanquished.

Vanquished Creatures (others)
  A fungus (D:4)
1 creature vanquished.

Grand Total: 323 creatures vanquished

Notes
Turn   | Place    | Note
-------+----------+-------------------------------------------
     0 | D:1      | WasteTime2 the Demonspawn Gladiator began the quest for the
                  | Orb.
     0 | D:1      | Reached XP level 1. HP: 16/16 MP: 1/1
   100 | D:1      | Reached skill level 3 in Long Blades
   125 | D:1      | Gained mutation: Your flesh is cold resistant. (rC+)
                  | [demonic ancestry]
   125 | D:1      | Reached XP level 2. HP: 7/22 MP: 2/2
   576 | D:1      | Reached XP level 3. HP: 27/27 MP: 3/3
   584 | D:1      | Reached skill level 1 in Short Blades
  1225 | D:2      | Gained mutation: You have a pair of small horns on your
                  | head. [demonic ancestry]
  1225 | D:2      | Reached XP level 4. HP: 30/33 MP: 4/4
  1996 | D:2      | Gained mutation: When hurt, damage is shared between your
                  | health and your magic reserves. [demonic ancestry]
  1996 | D:2      | Reached XP level 5. HP: 32/38 MP: 5/5
  2266 | D:2      | Found a bloodstained altar of Trog.
  2497 | D:3      | Found a sacrificial altar of Ru.
  2672 | D:3      | Found a large runed translucent door.
  2672 | D:3      | Found a large runed translucent door.
  2751 | D:3      | Noticed Lauz's ghost (amateur MfTm)
  2796 | D:3      | Reached XP level 6. HP: 37/44 MP: 6/6
  2819 | D:3      | Found an ornate altar of the Wu Jian Council.
  2826 | D:3      | Reached skill level 5 in Short Blades
  2853 | D:3      | HP: 2/44 [orc wizard/+0 dagger (2)]
  2859 | D:3      | HP: 2/44 [orc wizard/+0 dagger (1)]
  3737 | D:4      | Found Sutheruo's Antique Weapon Shop.
  3737 | D:4      | Found the +8 demon blade "Leech" {vamp, *Rage +Rage rN+}
  3841 | D:4      | Reached skill level 4 in Long Blades
  3864 | D:4      | Reached XP level 7. HP: 50/50 MP: 7/7
  3895 | D:4      | Reached skill level 5 in Long Blades
  3922 | D:4      | Found a glowing drain.
  3933 | Sewer    | Entered a sewer
  4049 | Sewer    | Found an ancient bone altar of Kikubaaqudgha.
  4086 | Sewer    | Reached skill level 6 in Long Blades
  4115 | Sewer    | Noticed Grinder
  4128 | Sewer    | Killed Grinder
  4128 | Sewer    | Reached XP level 8. HP: 50/56 MP: 6/8
  4139 | Sewer    | Got an ancient war axe
  4161 | Sewer    | Reached skill level 7 in Long Blades
  4524 | D:4      | Reached skill level 8 in Long Blades
  4641 | D:4      | Identified the +7 war axe "Atseex" {vorpal, SInv} (You
                  | found it in a sewer)
  4840 | D:5      | Entered Level 5 of the Dungeon
  4931 | D:5      | Found a hide-covered altar of Uskayaw.
  5112 | D:5      | Found a staircase to the Ecumenical Temple.
  5426 | D:5      | Found Qoanuf's Magic Scroll Shop.
  5432 | D:5      | Bought a scroll of identify for 24 gold pieces
  5432 | D:5      | Bought a scroll of fog for 24 gold pieces
  5432 | D:5      | Bought a scroll of enchant armour for 90 gold pieces
  5690 | D:5      | Reached skill level 9 in Long Blades
  5973 | Temple   | Entered the Ecumenical Temple
  6277 | D:6      | Reached skill level 1 in Shields
  6277 | D:6      | Reached XP level 9. HP: 61/61 MP: 6/9
  6314 | D:6      | Noticed Sigmund
  6329 | D:6      | Killed Sigmund
  6332 | D:6      | Noticed Blork the orc
  6354 | D:6      | Killed Blork the orc
  6354 | D:6      | Reached skill level 10 in Long Blades
  6411 | D:6      | Found a transporter.
  6433 | D:6      | Noticed Menkaure
  6509 | D:6      | Found a transporter.
  6551 | D:6      | Found a basalt altar of Yredelemnul.
  6627 | D:6      | Found an ancient bone altar of Kikubaaqudgha.
  6892 | D:6      | Found a glowing silver altar of Zin.
  6901 | D:6      | Found a shattered altar of Ashenzari.
  6965 | D:6      | Identified a scroll of acquirement
  6972 | D:6      | Killed Menkaure
  7011 | D:6      | Got a jewelled plate armour
  7022 | D:6      | Identified the +0 plate armour "Madwit" {rCorr Int+4} (You
                  | found it on level 6 of the Dungeon)
  7174 | D:7      | Found a shattered altar of Ashenzari.
  7265 | D:7      | Reached skill level 5 in Shields
  7392 | D:7      | Reached XP level 10. HP: 67/67 MP: 10/10
  7437 | D:7      | Found a shimmering altar of Xom.
  7438 | D:7      | Found a burning altar of Makhleb.
  7444 | D:7      | Became a worshipper of Makhleb the Destroyer
  7473 | D:7      | Reached skill level 11 in Long Blades
  7476 | D:7      | Found a burning altar of Makhleb.
  7476 | D:7      | Noticed a balrug
  7538 | D:7      | Got an ancient robe
  7756 | D:7      | Identified the +0 robe of Tomorrow {Str+5 Int-4} (You found
                  | it on level 7 of the Dungeon)
  7906 | D:8      | Reached * piety under Makhleb
  7927 | D:8      | Reached skill level 12 in Long Blades
  8274 | D:9      | Noticed Erica
  8279 | D:9      | Killed Erica
  8304 | D:9      | Reached ** piety under Makhleb
  8315 | D:9      | Reached skill level 13 in Long Blades
  8325 | D:9      | Blown up by a kobold

Levels and vault maps discovered:
D:1:      dpeg_arrival_water_fire, layout_basic, minmay_misc_feat_diagonals,
          minmay_misc_feat_secret_circle
D:2:      wad_crossroads, layout_basic, old_standard_altar
D:3:      layout_loops_cross, old_standard_altar, lemuel_crystal_altar,
          ebering_ghost_disaster_area, lightli_sewer_entry_pipes
D:4:      old_forge, layout_basic, first_ration, cheibrodos_sewer_entry_sluice,
          serial_shops, nicolae_shop_temple_entry_statues_fountains
D:5:      minmay_chambers_of_threes, layout_layer_cave, lemuel_doored_altar,
          minmay_temple_entry_mist, serial_shops, nicolae_shop_stone,
          st_stairs_8, minmay_strange_pillars
D:6:      layout_basic, gammafunk_temple_of_torment, minitemple,
          chequers_serial_rivers_micro_a, uniq_sigmund, uniq_blork_the_orc
D:7:      layout_loops_ring, grunt_temple_overflow_champion_of_chaos,
          basic_altar, makhleb_altar_promises_db
D:8:      layout_gridville, serial_ice, serial_ice_h, serial_ice_k,
          serial_ice_n, serial_ice_g
D:9:      layout_loops_cross, fedhas_bush_and_centaur_altar,
          erik_lair_orcish_takeover, ebering_ghost_funeral_grove, uniq_erica
Temple:   minmay_temple_curvy_loop

Skill      XL: |  1  2  3  4  5  6  7  8  9 10 |
---------------+-------------------------------+-----
Long Blades    | 3 4 6 9 10 13 | 13.0
Short Blades   | 2 3 4 5 |  5.6
Shields        | 1 5 |  5.0
Fighting       | |  2.0
Throwing       | |  1.7
Dodging        | |  2.6

Action                   |  1- 3 |  4- 6 |  7- 9 | 10-12 || total
-------------------------+-------+-------+-------+-------++-------
Melee: Long sword        |    41 |       |       |       ||    41
       Short sword       |    67 |   241 |       |       ||   308
       Headbutt          |       |    51 |    54 |    29 ||   134
       Demon blade       |       |    24 |   304 |   142 ||   470
Evoke: Wand              |       |     3 |       |       ||     3
  Use: Scroll            |     5 |     8 |     5 |     6 ||    24
       Potion            |       |     1 |       |       ||     1
 Stab: Sleeping          |       |       |     2 |       ||     2
       Distracted        |       |       |     1 |       ||     1
  Eat: Chunk             |     1 |     9 |    12 |     4 ||    26
Armor: Leather armour    |    40 |    42 |    81 |    34 ||   197
Dodge: Dodged            |    94 |   176 |   178 |   108 ||   556
Block: Buckler           |       |       |    31 |    47 ||    78
       Rpst.: Long sword |    17 |       |       |       ||    17
       Demon blade       |       |     2 |    55 |    34 ||    91

Table legend:
 A = Non-vault XP
 B = Vault XP
 C = Vault XP percentage of total XP
 D = Non-vault monster count
 E = Vault monster count
 F = Vault count percentage of total count
                 A         B        C        D         E       F
            +---------+---------+-------+---------+---------+-------
      Total |    6059 |    3925 |  39.3 |     226 |      96 |  29.8
            +---------+---------+-------+---------+---------+-------
        D:1 |      53 |       0 |   0.0 |      28 |       0 |   0.0
        D:2 |     221 |       6 |   2.6 |      29 |       4 |  12.1
        D:3 |     260 |      56 |  17.7 |      37 |       6 |  14.0
        D:4 |     205 |     482 |  70.2 |      16 |      20 |  55.6
        D:5 |     379 |     256 |  40.3 |      22 |      11 |  33.3
        D:6 |    1409 |     696 |  33.1 |      29 |       6 |  17.1
        D:7 |    1465 |      50 |   3.3 |      26 |       1 |   3.7
        D:8 |    1922 |     177 |   8.4 |      33 |       5 |  13.2
        D:9 |     145 |    1482 |  91.1 |       6 |      10 |  62.5
      Sewer |       0 |     720 | 100.0 |       0 |      33 | 100.0
            +---------+---------+-------+---------+---------+-------
